Cogmind - Beta 9.3 --- EXPLORER MODE // 2019.12.27 @ 17:13:03 // Winter2019/RPGLIKE Player: Solar Sloth Result: Escaped! Performance ------------- Evolutions (9) 4500 Regions Visited (14) 2800 Robots Destroyed (41) 205 Value Destroyed (1132) 1132 Prototype IDs (22) 440 Alien Tech Used (0) 0 Bonus (23550) 23550 TOTAL SCORE: 32627 Bonus ------- Aligned with FarCom 300 Win 3000 Win Speed 20273 Friendly Fire -23 Cogmind --------- Core Integrity 282/1550 Matter 260/300 Energy 244/250 System Corruption 0% Temperature Cool (6) Movement Flying (34) Location To Epsilon Eridani Parts ------- > --- POWER (1) -------- Ion Engine > --- PROPULSION (4) --- Impulse Thruster Q-thruster Impulse Thruster Array > --- UTILITY (2) ------ Improved Terrain Scanner Advanced Recalibrator > --- WEAPON (3) ------- AWS/Gauss Heavy Pick > --- INVENTORY (2) ---- VTOL Module Peak State ------------ > --- POWER ------------ Ion Engine > --- PROPULSION ------- Impulse Thruster Q-thruster Impulse Thruster Array > --- UTILITY ---------- Improved Terrain Scanner Advanced Recalibrator > --- WEAPON ----------- AWS/Gauss Heavy Pick > --- INVENTORY -------- VTOL Module [Rating: 63] Favorites ----------- Power Ion Engine Engine Ion Engine Propulsion Flight Unit Flight Unit Flight Unit Utility Improved Terrain Scanner Device Improved Terrain Scanner Weapon AWS/Gauss Ballistic Gun AWS/Gauss Ballistic Cannon Assault Cannon Piercing Weapon Heavy Pick Build | -11 -10 -10 -9 -9 -9 -8 -8 -7 -6 -5 -4 -3 -2 -1 ------- Run | Scr Mat Min Mat Min Exi Min Mat Fac Fac Fac Fac Res Res Acc Slots Evolved 6 | . . . . . 1 . 1 . . 3 . . . 1 Power . | . . . . . . . . . . . . . . . Propulsion 3 | . . . . . . . . . . 3 . . . . Utility 1 | . . . . . . . . . . . . . . 1 Weapon 2 | . . . . . 1 . 1 . . . . . . . Parts Attached 14 | 3 1 . . . 1 . 1 . . 3 1 . . 4 Power 1 | 1 . . . . . . . . . . . . . . Engine 1 | 1 . . . . . . . . . . . . . . Core . | . . . . . . . . . . . . . . . Reactor . | . . . . . . . . . . . . . . . Propulsion 7 | . 1 . . . . . . . . 2 1 . . 3 Treads . | . . . . . . . . . . . . . . . Leg . | . . . . . . . . . . . . . . . Wheel . | . . . . . . . . . . . . . . . Hover . | . . . . . . . . . . . . . . . Flight 7 | . 1 . . . . . . . . 2 1 . . 3 Utility 2 | 1 . . . . . . . . . . . . . 1 Device 2 | 1 . . . . . . . . . . . . . 1 Storage . | . . . . . . . . . . . . . . . Processor . | . . . . . . . . . . . . . . . Hackware . | . . . . . . . . . . . . . . . Protection . | . . . . . . . . . . . . . . . Artifact . | . . . . . . . . . . . . . . . Weapon 4 | 1 . . . . 1 . 1 . . 1 . . . . Energy Gun . | . . . . . . . . . . . . . . . Energy Cannon . | . . . . . . . . . . . . . . . Ballistic Gun 2 | 1 . . . . 1 . . . . . . . . . Ballistic Cannon 1 | . . . . . . . 1 . . . . . . . Launcher . | . . . . . . . . . . . . . . . Special Weapon . | . . . . . . . . . . . . . . . Impact Weapon . | . . . . . . . . . . . . . . . Slashing Weapon . | . . . . . . . . . . . . . . . Piercing Weapon 1 | . . . . . . . . . . 1 . . . . Special Melee Weapon . | . . . . . . . . . . . . . . . Unidentified Prototypes . | . . . . . . . . . . . . . . . Parts Lost . | . . . . . . . . . . . . . . . Power . | . . . . . . . . . . . . . . . Propulsion . | . . . . . . . . . . . . . . . Utility . | . . . . . . . . . . . . . . . Weapon . | . . . . . . . . . . . . . . . Highest Loss Streak . | . . . . . . . . . . . . . . . Average Slot Usage (%) 86 | . 85 100 100 100 91 80 80 83 83 80 88 88 88 78 Engine 18 | . 25 25 25 25 22 20 19 16 16 14 11 11 11 10 Flight 23 | . 10 25 25 25 22 20 19 16 16 22 44 44 44 31 Device 19 | . 25 25 25 25 22 20 19 16 16 14 11 11 11 16 Ballistic Gun 18 | . 25 25 25 25 22 20 19 16 16 14 11 11 11 10 Ballistic Cannon 3 | . . . . . . . 4 16 16 6 . . . . Piercing Weapon 3 | . . . . . . . . . . 7 11 11 11 10 Naked Turns . | . . . . . . . . . . . . . . . Heaviest Build 21 | 7 7 7 7 7 16 16 21 21 21 21 19 19 19 20 Greatest Support 68 | 8 9 9 9 9 19 19 24 24 24 34 44 44 44 68 Greatest Overweight (x) 1 | 1 . . . . . . . . . . . . . . Average Overweight (x) . | . . . . . . . . . . . . . . . Largest Inventory Capacity 2 | 2 2 2 2 2 2 2 2 2 2 2 2 2 2 2 Average Capacity 1 | . 2 2 2 2 2 2 2 2 2 2 2 2 2 2 Most Carried 2 | . . . . . . . . . . . . . . 2 Average Carried . | . . . . . . . . . . . . . . 1 Final Capacity 2 | 2 2 2 2 2 2 2 2 2 2 2 2 2 2 2 Final Carried 1 | . . . . . . . . . . . . . . 1 Class Distribution -------------------- 50% | Wizard-Scout 49% | Hacker-Scout Dominant Class ---------------- Hacker-Scout | -10/Materials Hacker-Scout | -10/Mines Hacker-Scout | -9/Materials Hacker-Scout | -9/Mines Hacker-Scout | -9/Exiles Hacker-Scout | -8/Mines Hacker-Scout | -8/Materials Wizard-Scout | -7/Factory Wizard-Scout | -6/Factory Wizard-Scout | -5/Factory Wizard-Scout | -4/Factory Wizard-Scout | -3/Research Wizard-Scout | -2/Research Wizard-Scout | -1/Access Resources | -11 -10 -10 -9 -9 -9 -8 -8 -7 -6 -5 -4 -3 -2 -1 ----------- Run | Scr Mat Min Mat Min Exi Min Mat Fac Fac Fac Fac Res Res Acc Matter Collected 403 | 248 44 36 . . . . 10 15 . 14 36 . . . Remotely . | . . . . . . . . . . . . . . . Salvage Created 1225 | 139 122 184 . . . . 185 293 112 49 99 . . 42 Parts 90 | 8 9 3 . . . . 18 28 10 5 5 . . 4 Haulers Intercepted . | . . . . . . . . . . . . . . . Recyclers Shooed 2 | 1 . 1 . . . . . . . . . . . . Parts Field Recycled . | . . . . . . . . . . . . . . . Retrieved Matter . | . . . . . . . . . . . . . . . Parts Self-Destructed . | . . . . . . . . . . . . . . . Prevented . | . . . . . . . . . . . . . . . Kills | -11 -10 -10 -9 -9 -9 -8 -8 -7 -6 -5 -4 -3 -2 -1 ------- Run | Scr Mat Min Mat Min Exi Min Mat Fac Fac Fac Fac Res Res Acc Combat Hostiles Destroyed 30 | . 4 6 . . . . 7 8 1 2 1 . . 1 Melee 1 | . . . . . . . . . . 1 . . . . Guns 29 | . 4 6 . . . . 7 8 1 1 1 . . 1 Classes Destroyed 12 | 2 2 1 . . . . 2 4 . 1 . . . . Worker 2 | . . . . . . . . 2 . . . . . . Tunneler 2 | 2 . . . . . . . . . . . . . . Recycler 2 | 1 1 . . . . . . . . . . . . . Operator 1 | . . . . . . . . . . 1 . . . . Watcher 4 | . . . . . . . 1 2 1 . . . . . Swarmer 8 | . 2 . . . . . 3 . . 2 . . . 1 Grunt 11 | . 2 2 . . . . 3 4 . . . . . . Brawler 1 | . . . . . . . 1 . . . . . . . Protector 1 | . . . . . . . . 1 . . . . . . Sentry 4 | . . . . . . . . 2 1 . 1 . . . Hunter 1 | . . . . . . . . 1 . . . . . . Assembled 4 | . . 4 . . . . . . . . . . . . Best Kill Streak 20 | 3 3 6 . . . . 8 20 1 2 1 . . 1 Combat Bots Only 7 | . 2 6 . . . . 7 5 1 2 1 . . 1 Max Kills in Single Turn 2 | 1 1 1 . . . . 1 2 1 1 1 . . 1 Gunslinging . | . . . . . . . . . . . . . . . Exploded . | . . . . . . . . . . . . . . . Melee 1 | . . . . . . . . . . 1 . . . . Uniques/NPCs Destroyed . | . . . . . . . . . . . . . . . Combat | -11 -10 -10 -9 -9 -9 -8 -8 -7 -6 -5 -4 -3 -2 -1 -------- Run | Scr Mat Min Mat Min Exi Min Mat Fac Fac Fac Fac Res Res Acc Damage Taken 1824 | . 177 143 . . . . 13 68 42 20 96 . 223 1042 Core 1492 | . 143 118 . . . . 12 56 33 18 74 . 182 856 Absorbed by Shields . | . . . . . . . . . . . . . . . Redirected to Core 1075 | . 89 64 . . . . 3 38 26 7 74 . 146 628 Core Remaining (%) 73 | 100 . 93 . . . 93 91 82 77 74 61 61 56 18 Volleys Fired 91 | 18 47 23 . . . . 1 . . 2 . . . . Largest 1 | 1 1 1 . . . . 1 . . 1 . . . . Hottest 44 | 20 20 20 . . . . 44 . . 44 . . . . Shots Fired 198 | 18 47 23 . . . . 17 34 6 7 7 7 9 23 Gun 195 | 18 47 23 . . . . 16 34 6 5 7 7 9 23 Cannon 3 | . . . . . . . 1 . . 2 . . . . Launcher . | . . . . . . . . . . . . . . . Special . | . . . . . . . . . . . . . . . Kinetic 198 | 18 47 23 . . . . 17 34 6 7 7 7 9 23 Thermal . | . . . . . . . . . . . . . . . Explosive . | . . . . . . . . . . . . . . . Electromagnetic . | . . . . . . . . . . . . . . . Robot Hit Streak 88 | 5 18 17 . . . . 13 47 53 58 65 72 81 88 Robot Miss Streak 2 | 2 1 1 . . . . 1 . . . . . . 1 Penetration Max 1 | . . . . . . . . 1 . . . 1 . . Secondary Targets . | . . . . . . . . . . . . . . . Autonomous 108 | . . . . . . . 16 34 6 5 7 7 10 23 Shots Hit Robots 184 | 14 41 20 . . . . 15 34 6 6 8 7 11 22 Core Hits 87 | 6 12 13 . . . . 9 19 3 3 5 4 7 6 Critical Hits 3 | 1 1 . . . . . . . . 1 . . . . Critical Kills 3 | 1 1 . . . . . . . . 1 . . . . Critical Parts Destroyed . | . . . . . . . . . . . . . . . Melee Attacks 13 | . . . . . . . . . . 4 3 3 2 1 Impact . | . . . . . . . . . . . . . . . Slashing . | . . . . . . . . . . . . . . . Piercing 13 | . . . . . . . . . . 4 3 3 2 1 Sneak Attacks . | . . . . . . . . . . . . . . . Combat Hostiles . | . . . . . . . . . . . . . . . Follow-up Attacks . | . . . . . . . . . . . . . . . Damage Inflicted 3993 | 126 313 195 . . . . 458 1102 169 146 249 271 366 598 Guns 3819 | 126 313 195 . . . . 458 1102 169 100 190 271 297 598 Cannons . | . . . . . . . . . . . . . . . Explosions . | . . . . . . . . . . . . . . . Melee 174 | . . . . . . . . . . 46 59 . 69 . Ramming . | . . . . . . . . . . . . . . . Kinetic 3819 | 126 313 195 . . . . 458 1102 169 100 190 271 297 598 Thermal . | . . . . . . . . . . . . . . . Explosive . | . . . . . . . . . . . . . . . Electromagnetic . | . . . . . . . . . . . . . . . Impact . | . . . . . . . . . . . . . . . Slashing . | . . . . . . . . . . . . . . . Piercing 174 | . . . . . . . . . . 46 59 . 69 . Highest Corruption 1 | . . . . . . . . . . . 1 . . . Average Corruption 1 | . . . . . . . . . . . 1 . . . Corruption Purged . | . . . . . . . . . . . . . . . Overload Shots . | . . . . . . . . . . . . . . . Overflow Damage . | . . . . . . . . . . . . . . . Projectiles . | . . . . . . . . . . . . . . . Explosions . | . . . . . . . . . . . . . . . Melee . | . . . . . . . . . . . . . . . Knockbacks . | . . . . . . . . . . . . . . . Impact . | . . . . . . . . . . . . . . . Kinetic . | . . . . . . . . . . . . . . . Secondary . | . . . . . . . . . . . . . . . Self-Inflicted Damage . | . . . . . . . . . . . . . . . Shots . | . . . . . . . . . . . . . . . Rammed . | . . . . . . . . . . . . . . . Targets Rammed . | . . . . . . . . . . . . . . . Kicked . | . . . . . . . . . . . . . . . Crushed . | . . . . . . . . . . . . . . . Highest Temperature 31 | . 11 13 . . . . 6 . 2 31 11 2 17 10 Average Temperature 5 | . 4 3 . . . . 4 . 2 18 3 2 8 4 Received Heat Transfer 318 | . 111 42 . . . . 9 48 18 . 9 . 45 36 Siege Activations . | . . . . . . . . . . . . . . . Robots Corrupted . | . . . . . . . . . . . . . . . Combat Hostiles . | . . . . . . . . . . . . . . . Parts Fried . | . . . . . . . . . . . . . . . Impact Corruptions . | . . . . . . . . . . . . . . . Robots Melted . | . . . . . . . . . . . . . . . Combat Hostiles . | . . . . . . . . . . . . . . . Parts Melted . | . . . . . . . . . . . . . . . Heat Transferred . | . . . . . . . . . . . . . . . Parts Sabotaged . | . . . . . . . . . . . . . . . Parts Stolen . | . . . . . . . . . . . . . . . Parts Stripped . | . . . . . . . . . . . . . . . Power Chain Reactions . | . . . . . . . . . . . . . . . Missiles Intercepted . | . . . . . . . . . . . . . . . Alert | -11 -10 -10 -9 -9 -9 -8 -8 -7 -6 -5 -4 -3 -2 -1 ------- Run | Scr Mat Min Mat Min Exi Min Mat Fac Fac Fac Fac Res Res Acc Peak Influence 301 | 15 142 104 58 15 . 7 198 301 169 226 134 83 67 288 Average Influence 82 | 5 70 59 43 15 . 6 58 164 121 119 85 63 46 122 Maximum Alert Level 1 | . . . . . . . . 1 . 1 . . . 1 Low Security (%) 90 | 100 100 100 100 100 . 100 100 58 100 67 100 100 100 84 Level 1 9 | . . . . . . . . 41 . 32 . . . 15 Level 2 . | . . . . . . . . . . . . . . . Level 3 . | . . . . . . . . . . . . . . . Level 4 . | . . . . . . . . . . . . . . . Level 5 . | . . . . . . . . . . . . . . . High Security . | . . . . . . . . . . . . . . . Max Security . | . . . . . . . . . . . . . . . Squads Dispatched 5 | . . 1 . . . . . 1 . 1 . . . 2 Investigation 1 | . . 1 . . . . . . . . . . . . Extermination . | . . . . . . . . . . . . . . . Reinforcement 4 | . . . . . . . . 1 . 1 . . . 2 Assault . | . . . . . . . . . . . . . . . Garrison . | . . . . . . . . . . . . . . . Intercept . | . . . . . . . . . . . . . . . Construction Impeded . | . . . . . . . . . . . . . . . Haulers Reinforced . | . . . . . . . . . . . . . . . Stealth | -11 -10 -10 -9 -9 -9 -8 -8 -7 -6 -5 -4 -3 -2 -1 --------- Run | Scr Mat Min Mat Min Exi Min Mat Fac Fac Fac Fac Res Res Acc Distress Signals 3 | . 1 . . . . . . . . . . . . 2 Communications Jammed . | . . . . . . . . . . . . . . . Distress Signals . | . . . . . . . . . . . . . . . Times Spotted 101 | . 6 6 2 . . . 9 12 1 5 4 5 7 44 Peak Tracking Total 21 | . 2 3 2 . . . 3 5 1 4 4 10 8 21 Tactical Retreats 9 | . 1 . . . . . . . . 1 . 1 1 5 Traps | -11 -10 -10 -9 -9 -9 -8 -8 -7 -6 -5 -4 -3 -2 -1 ------- Run | Scr Mat Min Mat Min Exi Min Mat Fac Fac Fac Fac Res Res Acc Traps Triggered . | . . . . . . . . . . . . . . . Indirectly . | . . . . . . . . . . . . . . . Trap Hack Attempts . | . . . . . . . . . . . . . . . Triggered . | . . . . . . . . . . . . . . . Disarmed . | . . . . . . . . . . . . . . . Reprogrammed . | . . . . . . . . . . . . . . . Reused . | . . . . . . . . . . . . . . . Traps Extracted . | . . . . . . . . . . . . . . . Installed . | . . . . . . . . . . . . . . . Triggered . | . . . . . . . . . . . . . . . Machines | -11 -10 -10 -9 -9 -9 -8 -8 -7 -6 -5 -4 -3 -2 -1 ---------- Run | Scr Mat Min Mat Min Exi Min Mat Fac Fac Fac Fac Res Res Acc Machines Disabled 1 | . . . . . . . . 1 . . . . . . Max in Single Turn 1 | . . . . . . . . 1 . . . . . . Machines Sabotaged . | . . . . . . . . . . . . . . . Garrisons Compromised . | . . . . . . . . . . . . . . . Overloaded Fab Kills . | . . . . . . . . . . . . . . . Fab Network Shutdowns . | . . . . . . . . . . . . . . . Hacking | -11 -10 -10 -9 -9 -9 -8 -8 -7 -6 -5 -4 -3 -2 -1 --------- Run | Scr Mat Min Mat Min Exi Min Mat Fac Fac Fac Fac Res Res Acc Machines Accessed 14 | . 1 1 . . 1 1 1 1 2 2 . 1 . 3 Terminals 9 | . . 1 . . . 1 1 1 1 1 . 1 . 2 Fabricators . | . . . . . . . . . . . . . . . Repair Stations . | . . . . . . . . . . . . . . . Recycling Units 1 | . 1 . . . . . . . . . . . . . Scanalyzers . | . . . . . . . . . . . . . . . Garrison Access 3 | . . . . . . . . . 1 1 . . . 1 Total Hacks 27 | . 1 1 . . 1 2 1 3 4 5 . 3 . 6 Successful 21 | . 1 1 . . 1 1 1 3 4 4 . 1 . 4 Failed 6 | . . . . . . 1 . . . 1 . 2 . 2 Catastrophic 1 | . . . . . . . . . . . . . . 1 Database Lockouts . | . . . . . . . . . . . . . . . Manual 25 | . . 1 . . 1 2 1 2 4 5 . 3 . 6 Terminals 18 | . . 1 . . . 2 1 3 2 3 . 3 . 3 Fabricators . | . . . . . . . . . . . . . . . Repair Stations . | . . . . . . . . . . . . . . . Recycling Units 1 | . 1 . . . . . . . . . . . . . Scanalyzers . | . . . . . . . . . . . . . . . Garrison Access 7 | . . . . . . . . . 2 2 . . . 3 Terminal Hacks 13 | . . . . . 1 1 1 3 2 2 . 1 . 2 Level Access Points 7 | . . . . . . 1 1 1 1 1 . 1 . 1 Terminal Index 3 | . . . . . . . . 1 1 1 . . . . Hauler Manifests 1 | . . . . . . . . 1 . . . . . . Zone Layout 1 | . . . . . . . . . . . . . . 1 EX-Prototype ID Bank 1 | . . . . . 1 . . . . . . . . . Fabricator Hacks . | . . . . . . . . . . . . . . . Repair Station Hacks . | . . . . . . . . . . . . . . . Recycling Unit Hacks 1 | . 1 . . . . . . . . . . . . . Retrieve Components 1 | . 1 . . . . . . . . . . . . . Scanalyzer . | . . . . . . . . . . . . . . . Garrison Access Hacks . | . . . . . . . . . . . . . . . Unauthorized Hacks 15 | . . 2 . . . . . . 4 4 . . . 5 Terminals 1 | . . 1 . . . . . . . . . . . . Sabotage 1 | . . 1 . . . . . . . . . . . . Fabricators . | . . . . . . . . . . . . . . . Repair Stations . | . . . . . . . . . . . . . . . Recycling Units . | . . . . . . . . . . . . . . . Scanalyzers . | . . . . . . . . . . . . . . . Garrison Access 6 | . . . . . . . . . 2 2 . . . 2 Reprogram 3 | . . . . . . . . . 1 1 . . . 1 Watchers 3 | . . . . . . . . . 1 1 . . . 1 Data Cores Recovered 1 | . . . . . . . . . . 1 . . . . Used . | . . . . . . . . . . . . . . . Hacking Detections 2 | . . . . . . . . . . 1 . . . 1 Full Trace Events . | . . . . . . . . . . . . . . . Feedback Events . | . . . . . . . . . . . . . . . Feedback Blocked . | . . . . . . . . . . . . . . . Robot Schematics Acquired . | . . . . . . . . . . . . . . . Robots Built . | . . . . . . . . . . . . . . . Matter . | . . . . . . . . . . . . . . . Time . | . . . . . . . . . . . . . . . Total Robot Build Rating . | . . . . . . . . . . . . . . . Part Schematics Acquired . | . . . . . . . . . . . . . . . Parts Built . | . . . . . . . . . . . . . . . Matter . | . . . . . . . . . . . . . . . Time . | . . . . . . . . . . . . . . . Total Part Build Rating . | . . . . . . . . . . . . . . . Parts Repaired . | . . . . . . . . . . . . . . . Time . | . . . . . . . . . . . . . . . Parts Recycled . | . . . . . . . . . . . . . . . Recycled Matter . | . . . . . . . . . . . . . . . Retrieved Matter . | . . . . . . . . . . . . . . . Retrieved Components . | . . . . . . . . . . . . . . . Parts Scanalyzed . | . . . . . . . . . . . . . . . Part Schematics Acquired . | . . . . . . . . . . . . . . . Parts Damaged . | . . . . . . . . . . . . . . . Bothacking | -11 -10 -10 -9 -9 -9 -8 -8 -7 -6 -5 -4 -3 -2 -1 ------------ Run | Scr Mat Min Mat Min Exi Min Mat Fac Fac Fac Fac Res Res Acc Used RIF Installer . | . . . . . . . . . . . . . . . Robots Hacked . | . . . . . . . . . . . . . . . Non-combat . | . . . . . . . . . . . . . . . Combat . | . . . . . . . . . . . . . . . Robot Hacks Applied . | . . . . . . . . . . . . . . . Relay Couplers Released . | . . . . . . . . . . . . . . . Robots Rewired . | . . . . . . . . . . . . . . . Allies Hacked . | . . . . . . . . . . . . . . . Hacks Repelled . | . . . . . . . . . . . . . . . Allies | -11 -10 -10 -9 -9 -9 -8 -8 -7 -6 -5 -4 -3 -2 -1 -------- Run | Scr Mat Min Mat Min Exi Min Mat Fac Fac Fac Fac Res Res Acc Total Allies 2 | . . . . . . . . . . 2 . . . . Largest Group 2 | . . . . . . . . . . 2 . . . . Highest-Rated Group 58 | . . . . . . . . . . 58 . . . . Highest-Rated Ally 29 | . . . . . . . . . . 29 . . . . Total Orders 1 | . . . . . . . . . . . . . . 1 EXPLORE 1 | . . . . . . . . . . . . . . 1 Ally Attacks . | . . . . . . . . . . . . . . . Total Damage . | . . . . . . . . . . . . . . . Kills . | . . . . . . . . . . . . . . . Allies Corrupted . | . . . . . . . . . . . . . . . Allies Melted . | . . . . . . . . . . . . . . . Intel | -11 -10 -10 -9 -9 -9 -8 -8 -7 -6 -5 -4 -3 -2 -1 ------- Run | Scr Mat Min Mat Min Exi Min Mat Fac Fac Fac Fac Res Res Acc Robot Analysis Total . | . . . . . . . . . . . . . . . Derelict Logs Recovered . | . . . . . . . . . . . . . . . Drone Launches 3 | . . . . . 1 . . . . . . . . 2 Drone Recoveries . | . . . . . . . . . . . . . . . Exploration | -11 -10 -10 -9 -9 -9 -8 -8 -7 -6 -5 -4 -3 -2 -1 ------------- Run | Scr Mat Min Mat Min Exi Min Mat Fac Fac Fac Fac Res Res Acc Turns Passed 1186 | 81 150 139 28 58 90 25 43 81 92 134 55 26 38 146 Spaces Moved 2434 | 88 123 209 70 144 216 61 97 201 230 302 142 54 102 395 Core 129 | 88 41 . . . . . . . . . . . . . Treads . | . . . . . . . . . . . . . . . Legs . | . . . . . . . . . . . . . . . Wheels . | . . . . . . . . . . . . . . . Hover . | . . . . . . . . . . . . . . . Flight 2305 | . 82 209 70 144 216 61 97 201 230 302 142 54 102 395 Fastest Speed 31 | 50 40 40 40 40 40 40 40 40 40 34 31 31 31 31 Average Speed 38 | 50 43 40 40 40 40 40 40 40 40 37 31 31 31 33 Slowest Speed 100 | 100 50 40 40 40 40 40 40 40 40 40 34 31 31 34 Overloaded Moves . | . . . . . . . . . . . . . . . Propulsion Burnouts . | . . . . . . . . . . . . . . . Robots Hopped 18 | . . 1 . . . 1 1 2 4 1 1 . 2 5 Cave-ins Triggered . | . . . . . . . . . . . . . . . Exploration Rate (%) 21 | 3 34 45 17 49 47 21 25 13 8 11 6 4 7 25 Regions Visited 14 Branch Regions 4 Pre-discovered Areas . | . . . . . . . . . . . . . . . Known Exits Taken 14 | 1 1 1 1 1 1 1 1 1 1 1 1 1 1 . Unknown Exits Taken . | . . . . . . . . . . . . . . . Scrap Searched . | . . . . . . . . . . . . . . . Spaces Dug 9 | . . . . . . . 1 . . 3 2 2 . 1 Terrain Destroyed 46 | . . . . . . . 14 15 1 6 5 2 1 2 Melee 8 | . . . . . . . . . . 3 2 2 . 1 Projectile 38 | . . . . . . . 14 15 1 3 3 . 1 1 AOE . | . . . . . . . . . . . . . . . Actions | -11 -10 -10 -9 -9 -9 -8 -8 -7 -6 -5 -4 -3 -2 -1 --------- Run | Scr Mat Min Mat Min Exi Min Mat Fac Fac Fac Fac Res Res Acc Total 2552 | 108 180 244 69 143 218 59 98 198 225 310 144 56 101 399 Wait 10 | . . 9 . . . . 1 . . . . . . . Move 2383 | 87 122 206 69 143 215 58 94 196 221 299 139 53 97 384 Hop 18 | . . 1 . . . 1 1 2 4 1 1 . 2 5 Pick Up 1 | . . . . . . . . . . . . . . 1 Fast Attach 12 | 3 1 . . . 1 . 1 . . 3 1 . . 2 Attach 1 | . . . . . . . . . . . . . . 1 Detach . | . . . . . . . . . . . . . . . Swap 1 | . . . . . . . . . . . . . . 1 Drop 5 | . . . . . 1 . . . . 1 . . . 3 Fire 91 | 18 47 23 . . . . 1 . . 2 . . . . Melee 13 | . . . . . . . . . . 4 3 3 2 1 Ram . | . . . . . . . . . . . . . . . Kick . | . . . . . . . . . . . . . . . Crush . | . . . . . . . . . . . . . . . Escape Stasis . | . . . . . . . . . . . . . . . Rewire . | . . . . . . . . . . . . . . . Trap . | . . . . . . . . . . . . . . . Miscellaneous 17 | . 10 5 . . 1 . . . . . . . . 1 Route ------- -11/Scrapyard -10/Materials (discovered 2 exits: *Mat / *Min) -10/Mines -9/Materials -9/Mines (discovered 2 exits: *Mat / *Exi) -9/Exiles -8/Mines (discovered 2 exits: *Mat x2) -8/Materials (discovered 3 exits: *Fac x3) -7/Factory (discovered 5 exits: *Fac x4 / *Low) -6/Factory (discovered 4 exits: *Fac x4) -5/Factory (discovered 4 exits: *Fac x4) -4/Factory -3/Research (discovered 3 exits: *Res x3) -2/Research -1/Access To Epsilon Eridani History --------- Turn | Location | Event 11 | -11/Scrapyard | Identified exit to Materials 11 | -11/Scrapyard | Discovered exit to Materials (range 15) 82 | -11/Scrapyard | Entered Materials 176 | -10/Materials | Identified exit to Materials 176 | -10/Materials | Discovered exit to Materials (range 11) 215 | -10/Materials | Identified exit to Mines 215 | -10/Materials | Discovered exit to Mines (range 8) 232 | -10/Materials | Entered Mines 252 | -10/Mines | Assembled infested the area 261 | -10/Mines | Discovered exit to Materials (range 13) 306 | -10/Mines | Build established: Hacker-Scout 371 | -10/Mines | Entered Materials 373 | -9/Materials | Reached level 2 373 | -9/Materials | Reached level 3 373 | -9/Materials | Reached level 4 396 | -9/Materials | Identified exit to Mines 396 | -9/Materials | Discovered exit to Mines (range 8) 399 | -9/Materials | Entered Mines 400 | -9/Mines | Identified exit to Materials 400 | -9/Mines | Discovered exit to Materials (range 11) 438 | -9/Mines | Received a Rocket Launcher from a helpful Derelict 444 | -9/Mines | Identified exit to Exiles 444 | -9/Mines | Discovered exit to Exiles (range 13) 455 | -9/Mines | Deemed a non-threat by the Exiles lab entrance 457 | -9/Mines | Entered Exiles 463 | -9/Exiles | Identified exit to Mines 463 | -9/Exiles | Discovered exit to Mines (range 17) 468 | -9/Exiles | Met 8R-AWN 474 | -9/Exiles | Met EX-HEX 486 | -9/Exiles | Met EX-BIN 490 | -9/Exiles | Aligned with FarCom system 491 | -9/Exiles | Given EX-Vault access code 500 | -9/Exiles | Opened EX-Vault 506 | -9/Exiles | Upgraded with Weapon slot (x1) 506 | -9/Exiles | Found AWS/Gauss 515 | -9/Exiles | Warned to stay clear of 0b10 Research branches 547 | -9/Exiles | Left Exiles lab with AWS/Gauss 547 | -9/Exiles | Entered Mines 547 | -8/Mines | Accompanied by 1 ally 549 | -8/Mines | Reached level 5 572 | -8/Mines | Entered Materials 572 | -8/Materials | Accompanied by 1 ally 574 | -8/Materials | Reached level 6 574 | -8/Materials | Reached level 7 583 | -8/Materials | Identified exit to Factory 602 | -8/Materials | Upgraded with Weapon slot (x1) 615 | -8/Materials | Entered Factory 615 | -7/Factory | Accompanied by 1 ally 617 | -7/Factory | Reached level 8 617 | -7/Factory | Reached level 9 622 | -7/Factory | Identified exit to Factory 634 | -7/Factory | Destroyed 7 combat bots 646 | -7/Factory | Identified exit to Lower Caves 646 | -7/Factory | Discovered exit to Lower Caves (range 18) 649 | -7/Factory | Reached level 10 696 | -7/Factory | Entered another Factory area 698 | -6/Factory | Reached level 11 698 | -6/Factory | Reached level 12 713 | -6/Factory | Identified exit to Factory 788 | -6/Factory | Entered another Factory area 790 | -5/Factory | Reached level 13 790 | -5/Factory | Reached level 14 790 | -5/Factory | Reached level 15 835 | -5/Factory | Identified exit to Factory 875 | -5/Factory | Reached level 16 876 | -5/Factory | Upgraded with Propulsion slot (x3) 899 | -5/Factory | Build established: Wizard-Scout 922 | -5/Factory | Entered another Factory area 924 | -4/Factory | Reached level 17 924 | -4/Factory | Reached level 18 973 | -4/Factory | Identified exit to Research 973 | -4/Factory | Discovered exit to Research (range 5) 973 | -4/Factory | Spotted B-86 Titan 977 | -4/Factory | Entered Research 979 | -3/Research | Reached level 19 979 | -3/Research | Reached level 20 979 | -3/Research | Reached level 21 979 | -3/Research | Reached level 22 983 | -3/Research | Identified exit to Research 1003 | -3/Research | Entered another Research area 1005 | -2/Research | Reached level 23 1005 | -2/Research | Reached level 24 1005 | -2/Research | Reached level 25 1005 | -2/Research | Spotted B-90 Cyclops 1028 | -2/Research | Identified exit to Access 1028 | -2/Research | Discovered exit to Access (range 22) 1041 | -2/Research | Entered Access 1043 | -1/Access | Reached level 26 1043 | -1/Access | Reached level 27 1043 | -1/Access | Reached level 28 1068 | -1/Access | Core integrity fell below 50% 1073 | -1/Access | Identified exit to Surface 1100 | -1/Access | Upgraded with Utility slot (x1) 1151 | -1/Access | Spotted B-99 Colossus 1170 | -1/Access | Spotted B-99 Colossus 1184 | -1/Access | Core integrity fell below 20% 1187 | *** | Escaped! Last Messages --------------- 01177_ ALERT: Hostiles spotted, dispatching reinforcements to Terminal A014. 01177_ ALERT: Hostiles spotted, dispatching reinforcements to Terminal A005. 01178_ Slug penetrates Wall. 01178_ Penetrated by Slug. 01178_ Slug penetrates Wave Collapse Detector. 01179_ Slug penetrates B-99 Colossus. 01181_ Penetrated by Slug. 01181_ Slug penetrates Wall. 01182_ Slug penetrates B-99 Colossus. Sealed Barrier opened remotely. 01183_ Slug penetrates K-01 Serf. 01183_ K-01 Serf destroyed. 01183_ K-01 Serf collects debris. 01183_ R-10 Processor collects Wheel. 01183_ Penetrated by Slug. 01185_ The Access Shell folds into the floor. 01187_ Slug penetrates H-88 Terminator. [Achievement: Speedrunner] Map ----- +----------------------------------------------------+ | ?????????????????????????????????????????????????? | | ?????????????????????????????????????????????????? | | ??????????? ????????????????????????????????????? | | ??????????? ????????????????????????????????????? | | ??????????? ????????????????????????????????????? | | ??????????? ????????????????????????????????????? | | ??????????# #???????????????????????????????????? | | ??????????+ #???????????????????????????????????? | | ??????????# #???????????????????????????????????? | | ###????#??# ####????????????????????????????????? | | ??? ?? # #????#??????????????????????????????? | | ? ?? ?# ##???????????###????????????????????? | | ??? # #?####??????????#???????????????????? | | ? """ ?# ?##?###?#??????#?????????????????????? | | G # %#?########??????????????????????????? | | """ # #####????###?#?#????????????????????? | | ? " #? ####??##??#?#???#???????????????????? | | ? # ###?###??#####???#?????#????????????? | | # ##??#######??##?????????????????????? | | " # ####### ###########?????????????????? | | """ # """T""" "??"? ?????????????? | | ? """ # """ """ "??"?BB ???????????? | | " # "??"?BB????????????? | | # "??????? ??????????? | | # "" "??????????????????? | | #######/##; @" ""?? ?? ???????????? | | ] # ""?"???????????????? | | # "?""?BB ???????????? | | "" # "??"?BB????????????? | | "" # h """??? ????????????? | | """""" # ####### ##########????#?????????????? | | """""" # h##?######?###??#???##?#?????????????? | | "" # h###?######?#????##???#??????????????? | | "" #h # ? ? ? ???#???##??#????????????? | | # # ? ? ?#???#?????????????????? | | # + ? ? ? ????????##??????????????? | | #####?#####? # "" ??# ????? ???????????????? | | ?? # ?" ? ?????? ?? ?????????????????? | | #? "" ?? ???#? ???????????????????? | | ? #"#####? S ?? ?????????"????????????????? | | ?? ##### ?"" ??? ?? ???????????????????? | | ?? ###?# ""? ?? ??# ????????????????????? | | #####?# "" ??????#??????????????????????? | | #?###?# ?? ??? ? ??? ?????????????????????? | | #???##? ?? ???? ?????????????????????????? | | | ##?##??#?#????????????????????????????????? | | ##?#??????????????????????????????????????? | | #?##??????????????????????????????????????? | | """ #?#??#????????????????????????????????????? | | T""" ##???#????????????????????????????????????? | +----------------------------------------------------+ Best States ------------- Heat Dissipation 25 Energy Generation 40 Energy Capacity 250 Matter Stores 300 Matter Capacity 300 Sight Range 23 Robot Scan Range 28 Terrain Scan Range 16 Terrain Scan Density 1210 Resistance: KI 35 Resistance: TH 35 Resistance: EX 35 Resistance: EM 35 Resistance: I 35 Resistance: S 35 Resistance: P 35 Evasion (%) 63 Offensive Hacking 55 Defensive Hacking 30 Item Schematics ----------------- None Robot Schematics ------------------ None Fabricated ------------ Nothing Alien Tech Used ----------------- None Achievements -------------- Speedrunner Challenges ------------ None RPGLIKE | -11 -10 -10 -9 -9 -9 -8 -8 -7 -6 -5 -4 -3 -2 -1 --------- Run | Scr Mat Min Mat Min Exi Min Mat Fac Fac Fac Fac Res Res Acc Levels Raised 27 | . . . 3 . . 1 2 3 2 4 2 4 3 3 XP Earned 47249 | 6000 500 750 3292 500 350 1153 3368 4264 3582 5069 3486 5768 4391 4776 XP Spent 40780 | 2135 . . . . 1000 3500 3640 2100 . 3250 . 17770 385 7000 Upgrades 91 | 14 . . . . 3 7 8 2 . 5 . 28 7 17 Propulsion Slot 3 | . . . . . . . . . . 3 . . . . Utility Slot 1 | . . . . . . . . . . . . . . 1 Weapon Slot 2 | . . . . . 1 . 1 . . . . . . . Core Integrity 19 | . . . . . . . . . . . . . 7 12 Energy Generation 6 | . . . . . . . . . . 2 . . . 4 Mass Support 4 | 1 . . . . 2 . 1 . . . . . . . Inventory Capacity 2 | 2 . . . . . . . . . . . . . . Sight Range 7 | 2 . . . . . . . . . . . 5 . . Sensor Range 14 | 6 . . . . . . . . . . . 8 . . Terrain Scan Density 12 | 3 . . . . . . 2 . . . . 7 . . Ranged Accuracy 8 | . . . . . . . 4 . . . . 4 . . Hack Attack % 7 | . . . . . . 4 . 1 . . . 2 . . Hack Defense % 6 | . . . . . . 3 . 1 . . . 2 . . Protomatter Created 583 | . 98 27 . . . . 143 295 . 20 . . . . Integrity Restored 268 | . 187 81 . . . . . . . . . . . . Core 224 | . 143 81 . . . . . . . . . . . . Parts 44 | . 44 . . . . . . . . . . . . . Protomatter Decayed 275 | . 5 40 . . . . . 230 . . . . . . Game ------ Seed ReclamationLargeTriangulator Manual? 0 Play Time 00:28:58 Cumulative 114.9 hours Start 2019.12.27 @ 16:44:22 End 2019.12.27 @ 17:13:03 Sessions 1 Manual Loads 0 Difficulty Explorer Special Mode Winter2019/RPGLIKE Game No. 44 Rogue 21 Adventurer 0 Explorer 23 Win Type 0 Total 13 Types 10/0/0/0/1/0/2 Lore% 84 Gallery% 71 Achievement% 71 Wizard Run 0 Options --------- ASCII 0 Keyboard 0 Movement Arrows Keybinds 0 Fullscreen 1 Font 18/SmallcapsGlow Map View 76x50 Tactical HUD 1 Map Filters NONE Filters NONE Steam 1 RUN: 77aeeb64-d77e-4f13-beec-1452ebe6e72c